 Dungeon Crawl Stone Soup version 0.28-a0-381-g937acc2988 (webtiles) character file.

Game seed: 15143489010970866090

25 SolCadguy the Magician (level 2, 0/30 HPs)
             Began as a Palentonga Hedge Wizard on Sept 2, 2021.
             Slain by an adder (1 damage)
             ... on level 2 of the Dungeon.
             The game lasted 00:03:52 (1367 turns).

SolCadguy the Magician (Palentonga Hedge Wizard)    Turns: 1367, Time: 00:03:54

Health: 0/30       AC: 21    Str: 13    XL:     2   Next: 82%
Magic:  2/6        EV:  1    Int: 14    God:
Gold:   57         SH:  5    Dex:  9    Spells: 4/7 levels left

rFire   . . .      SeeInvis +   a - +0 dagger
rCold   . . .      Faith    .   (no shield)
rNeg    + + +      Spirit   .   (armour currently unavailable)
rPois   +          Reflect  +   (helmet currently unavailable)
rElec   .          Harm     .   (cloak currently unavailable)
rCorr   .          Rampage  .   (gloves currently unavailable)
Will    .....      NoTele   +   (no barding)
Stlth   +.........              e - amulet of reflection
HPRegen 0.10/turn               (no ring)
MPRegen 0.10/turn               (no ring)

@: tree-form
A: stationary, stasis, torment immunity, boosted hp, large, rugged brown scales
3, see invisible, (deformed body), (roll 1), (armoured tail)
a: no special abilities


You were on level 2 of the Dungeon.
You were a tree.
You visited 1 branch of the dungeon, and saw 2 of its levels.

You collected 57 gold pieces.

Inventory:

Hand Weapons
 a - a +0 dagger (weapon)
 g - a +0 club
 i - a +0 falchion
Missiles
 k - 5 javelins (quivered)
Armour
 b - a +0 robe (melded)
 c - a +0 hat (melded)
 d - a scarf of resistance (melded)
Jewellery
 e - an amulet of reflection (around neck)
Scrolls
 f - 2 scrolls of identify {unknown}
Potions
 j - a potion of curing {unknown}


   Skills:
 - Level 1.5 Dodging
 - Level 1.2 Stealth
 - Level 3.0 Spellcasting
 - Level 0.8 Conjurations
 - Level 0.7 Summonings
 + Level 2.9 Translocations


You had 4 spell levels left.
You knew the following spells:

 Your Spells              Type           Power      Damage    Failure   Level
a - Magic Dart            Conj           16%        1d3       16%         1
b - Blink                 Tloc           N/A        N/A       10%         2

Your spell library contained the following spells:

 Spells                   Type           Power      Damage    Failure   Level
 Call Imp                 Summ           4%         N/A       24%         2
 Slow                     Hex            2%         N/A       32%         2
 Conjure Flame            Conj/Fire      3%         6-21      47%         3
 Mephitic Cloud           Conj/Pois/Air  2%         N/A       50%         3


Dungeon Overview and Level Annotations

Branches:
Dungeon (2/15)

Altars:


Innate Abilities, Weirdness & Mutations

You are a tree.
Your roots penetrate the ground, keeping you stationary.
You cannot be teleported.
You are immune to unholy pain and torment.
Your maximum health is greatly increased.
Your equipment is partially melded.
(You are completely covered in rugged brown scales. (AC +3, +7% HP))
You have supernaturally acute eyesight. (SInv)
((Armour fits poorly on your strangely shaped body.))
((You can roll at nearby foes to attack.))
((You have a long armoured tail.))


Message History

You feel sick. The adder bites you but does no damage.
Your magical contamination has completely faded away.
You barely miss the adder.
The adder is moderately wounded.
You feel sick. The adder bites you but does no damage.
You completely miss the adder.
The adder is moderately wounded.
You feel sick.
The adder bites you but does no damage. x2
You barely miss the adder.
The adder is moderately wounded.
You feel sick.
You are no longer poisoned.
The adder bites you but does no damage.
You closely miss the adder.
The adder is moderately wounded.
The adder bites you but does no damage.
You hit the adder.
The adder is heavily wounded.
The adder bites you but does no damage. x2
You hit the adder.
The adder is severely wounded.
You block the adder's attack.
You hit the adder but do no damage.
The adder is severely wounded.
You block the adder's attack.
You miss the adder.
The adder is severely wounded.
The adder bites you.
* * * LOW HITPOINT WARNING * * *
The adder bites you.
* * * LOW HITPOINT WARNING * * *
Casting: Magic Dart (safe; 16% risk of failure)
Confirm with . or Enter, or press ? or * to list all spells.
Aiming: Magic Dart (safe; 16% risk of failure)
Press: ? - help, Shift-Dir - straight line, f/p - adder
Aim: an adder (severely wounded, 100% to hit)
The magic dart hits the adder.
The adder is almost dead.
The adder bites you.
You die...

##### ... #.
#.# #. #♣#
#.#####S#
#.#....(#
#.#.#######
#.#.......#
#####.#.####.##
#.......# #.#
#.###.#.#..#.#
#.#.#..#(#


You could see an adder.

Vanquished Creatures
  A dart slug (D:1)
  2 endoplasms (D:1)
  A giant cockroach (D:1)
  3 goblins (D:1)
  8 jackals (D:1)
  A quokka (D:1)
  A bat (D:1)
  A frilled lizard (D:1)
18 creatures vanquished.

Notes
Turn   | Place    | Note
-------+----------+-------------------------------------------
     0 | D:1      | SolCadguy the Palentonga Hedge Wizard began the quest for
                  | the Orb.
     0 | D:1      | Reached XP level 1. HP: 13/13 MP: 4/4
   307 | D:1      | Reached XP level 2. HP: 11/20 MP: 3/6
   507 | D:1      | Learned a level 2 spell: Blink
   617 | D:1      | Found a faded altar of an unknown god.
  1366 | D:2      | HP: 1/30 [adder (1)]
  1367 | D:2      | Slain by an adder

Illustrated notes

Levels and vault maps discovered:
D:1:      minmay_arrival_cross, layout_basic, basic_ecumenical_altar
D:2:      layout_basic, serial_shops, shop, shop,
          nicolae_shop_competitors_out_of_business, shop, hex_medium

Skill      XL: |  1 |
---------------+----+-----
Translocations | 2 |  2.9
Dodging        | |  1.5
Stealth        | |  1.2
Spellcasting   | |  3.0
Conjurations   | |  0.8
Summonings     | |  0.7

Action                   || total
-------------------------++-------
Melee: Dagger            ||    75
       Tailslap          ||     7
Throw: Javelin           ||     5
 Cast: Magic Dart        ||    18
       Blink             ||     1
 Abil: Rolling Charge    ||     4
  Use: Potion            ||     1
 Stab: Sleeping          ||     1
Armor: Robe              ||    30
       Skin              ||    11
Dodge: Dodged            ||    33
Block: Other             ||    15

Table legend: (Time is in decaauts)
 A = Elapsed time spent in this place.
 B = Non-inter-level travel time spent in this place.
 C = Inter-level travel time spent in this place.
 D = Time resting spent in this place.
 E = Time spent auto-exploring this place.
 F = Levels seen in this place.
 G = Mean time per level.
                   A        B        C        D        E       F      G
               +--------+--------+--------+--------+--------+-----+--------+
         Total |   1369 |   1352 |     17 |    514 |    590 |   2 |  684.5 |
       Dungeon |   1369 |   1352 |     17 |    514 |    590 |   2 |  684.5 |
               +--------+--------+--------+--------+--------+-----+--------+

Top non-repeatable levels by time:
     D:1: 1288 daAuts
     D:2: 81 daAuts
